 Dungeon Crawl Stone Soup version 0.30-a0-283-gf371ce1921 (webtiles) character file.

Game seed: 4543057087944630328

27363 Essalna the Devastator (level 13, -15/87 HPs)
             Began as a Tengu Fire Elementalist on Oct 14, 2022.
             Was an Elder of Vehumet.
             Demolished by a snapping turtle (23 damage)
             ... on level 1 of the Shoals on Oct 17, 2022.
             The game lasted 00:40:04 (18746 turns).

Essalna the Devastator (Tengu Fire Elementalist)   Turns: 18746, Time: 00:40:05

Health: -15/87     AC: 10    Str: 11    XL:     13   Next: 31%
Magic:  15/17      EV: 15    Int: 31    God:    Vehumet [****..]
Gold:   790        SH:  5    Dex: 14    Spells: 9/16 levels left

rFire   + + .      SeeInvis .    p - staff of fire
rCold   + . .      Faith    .    Q - +0 buckler {AC+3}
rNeg    . . .      Spirit   .    K - +2 robe {rC+ rF+}
rPois   .          Reflect  .    (helmet restricted)
rElec   .          Harm     .    D - +0 cloak {rCorr}
rCorr   +          Rampage  .    C - +1 pair of gloves
Will    .....                    (boots unavailable)
Stlth   ++........               (no amulet)
HPRegen 0.34/turn                S - +6 ring of intelligence
MPRegen 0.15/turn                t - +6 ring of intelligence

@: flying quickly and evasively, quick
A: beak, talons 3, nimble flight
a: Renounce Religion


You were on level 1 of the Shoals.
You worshipped Vehumet.
Vehumet was greatly pleased with you.
You visited 4 branches of the dungeon, and saw 18 of its levels.
You also visited: Ossuary.

You collected 790 gold pieces.

Inventory:

Hand Weapons
 m - a +2 dagger of draining
Armour
 a - a +0 robe
 d - a +0 pair of gloves
 q - an orb of energy
 C - a +1 pair of gloves (worn)
 D - a +0 cloak of preservation (worn)
 K - a +2 robe of resistance (worn)
 Q - a +0 buckler of protection (worn)
Magical Staves
 p - a staff of fire (weapon)
 B - a staff of earth
Jewellery
 c - a ring of protection from fire
 f - a +6 ring of strength
 s - a +6 ring of dexterity
 t - a +6 ring of intelligence (right hand)
 E - a +6 ring of strength
 O - a ring of resist corrosion
 P - a ring of positive energy
 R - a ring of protection from cold
 S - a +6 ring of intelligence (left hand)
 V - a +6 ring of strength
Wands
 b - a wand of paralysis (2)
 u - a wand of light (24)
 A - a wand of flame (47)
 W - a wand of iceblast (4)
Scrolls
 r - 2 scrolls of noise
 v - 2 scrolls of vulnerability
 w - 2 scrolls of fear
 x - a scroll of blinking
 y - 3 scrolls of teleportation
 F - a scroll of enchant armour
 H - 3 scrolls of torment {unknown}
 I - 4 scrolls of poison {unknown}
 J - 9 scrolls of identify
 L - a scroll of amnesia
 N - 2 scrolls of enchant weapon {unknown}
 U - a scroll of fog {unknown}
Potions
 e - 5 potions of lignification
 g - 3 potions of attraction
 h - 3 potions of might
 i - 4 potions of degeneration {unknown}
 j - 3 potions of flight
 k - 3 potions of berserk rage
 l - 3 potions of brilliance {unknown}
 n - 5 potions of curing {unknown}
 o - a potion of ambrosia {unknown}
 z - 3 potions of mutation {unknown}
 G - 4 potions of heal wounds {unknown}
 M - a potion of haste {unknown}


   Skills:
 + Level 12.3 Fighting
 - Level 4.0 Armour
 - Level 4.0 Dodging
 - Level 2.0 Stealth
 - Level 4.0 Shields
 - Level 2.0 Spellcasting
 + Level 15.8 Conjurations
 + Level 13.9 Fire Magic


You had 9 spell levels left.
You knew the following spells:

 Your Spells              Type           Power      Damage    Failure   Level
a - Foxfire               Conj/Fire      100%       2x1d9     0%          1
b - Scorch                Fire           100%       2d10      1%          2
c - Flame Wave            Conj/Fire      97%        2d20      1%          4

Your spell library contained the following spells:

 Spells                   Type           Power      Damage    Failure   Level
 Eringya's Noxious Bog    Tmut/Pois      1%         N/A       96%         6
 Magic Dart               Conj           100%       1d8       0%          1
 Shock                    Conj/Air       100%       1d9       1%          1
 Inner Flame              Hex/Fire       62%        N/A       1%          3
 Kindle Blastsparks       Fire/Tloc/Air  94%        2d17      1%          3
 Mephitic Cloud           Conj/Pois/Air  35%        N/A       1%          3
 Poisonous Vapours        Pois/Air       6%         N/A       4%          2
 Slow                     Hex            12%        N/A       10%         1
 Call Imp                 Summ           3%         N/A       14%         2
 Cigotuvi's Dreadful Rot  Necr/Pois/Air  6%         N/A       14%         2
 Ensorcelled Hibernation  Hex/Ice        6%         N/A       14%         2
 Passwall                 Tmut/Erth      2%         N/A       14%         2
 Airstrike                Air            1%         2d(1-17)  24%         4
 Confusing Touch          Hex            3%         N/A       28%         3
 Gell's Gravitas          Tloc           3%         N/A       28%         3
 Lesser Beckoning         Tloc           6%         N/A       28%         3
 Swiftness                Air            3%         N/A       28%         3
 Teleport Other           Tloc           3%         N/A       28%         3
 Tukima's Dance           Hex            3%         N/A       28%         3
 Vampiric Draining        Necr           3%         2d6       28%         3
 Yara's Violent Unravell  Hex/Tmut       1%         3d3       52%         5
 Passage of Golubria      Tloc           3%         N/A       67%         4


Dungeon Overview and Level Annotations

Branches:
Dungeon (11/15)            Temple (1/1) D:4            Lair (4/5) D:8
 Shoals (2/4) Lair:3       Spider (0/4) Lair:3          Orc (0/2) D:10
Ossuary (visited)
  Slime: Lair:4-5

Altars:
Ashenzari
Cheibriados
Dithmenos
Elyvilon
Fedhas
Gozag
Hepliaklqana
Kikubaaqudgha
Makhleb
Nemelex Xobeh
Okawaru
Qazlal
Ru
Sif Muna
Trog
Uskayaw
Vehumet
Wu Jian
Xom
Yredelemnul
Zin
The Shining One

Shops:
D:1 ?*[([   D:3 (   D:7 (   D:10 :

Annotations:
D:8 2 transporters
Lair:2 2 transporters, Echos's ghost, journeyman FoFi


Innate Abilities, Weirdness & Mutations

You have a beak for a mouth.
You have claws for feet.
Your magical nature lets you fly swiftly and evasively.


Message History

You don't have enough magic to cast this spell.
Casting: Scorch (safe; 1% risk of failure)
Confirm with . or Enter, or press ? or * to list all spells.
You don't have enough magic to cast this spell.
Casting: Scorch (safe; 1% risk of failure)
Confirm with . or Enter, or press ? or * to list all spells.
You don't have enough magic to cast this spell.
Casting: Scorch (safe; 1% risk of failure)
Confirm with . or Enter, or press ? or * to list all spells.
You feel a surge of power!
You conjure some foxfire!
The snapping turtle bites you.
Casting: Foxfire (safe; 0% risk of failure)
Confirm with . or Enter, or press ? or * to list all spells.
You don't have enough magic to cast this spell.
Casting: Foxfire (safe; 0% risk of failure)
Confirm with . or Enter, or press ? or * to list all spells.
You don't have enough magic to cast this spell.
You hit the snapping turtle but do no damage.
You peck the snapping turtle.
The snapping turtle is severely wounded.
The foxfire hits the snapping turtle but does no damage.
The snapping turtle is severely wounded.
The foxfire hits the snapping turtle.
The snapping turtle is severely wounded.
The snapping turtle misses you. The snapping turtle bites you!!
You hit the snapping turtle but do no damage.
You claw the snapping turtle.
The snapping turtle is severely wounded.
The snapping turtle bites you! Magic courses through your body.
The snapping turtle bites you.
* * * LOW HITPOINT WARNING * * *
The snapping turtle bites you from afar!
* * * LOW HITPOINT WARNING * * *
Okay, then.
Casting: Foxfire (safe; 0% risk of failure)
Confirm with . or Enter, or press ? or * to list all spells.
You feel a surge of power!
Flames lash the snapping turtle but do no damage.
The snapping turtle bites you from afar!!
You die...

#...~~~~~~.≈≈.....≈≈~~≈≈≈
#......~~..≈≈..>..≈≈~~≈≈≈
#.........≈≈≈.....≈≈≈~~~≈
#........≈≈≈...≈...≈≈.~~≈
#........≈≈...≈≈...~≈##.~
######........≈....≈≈...~≈#
#....#........t.<..~~...~≈#
.....t.............~~...~~#
~~~.~..P....)...@.≈≈≈...~..~~~
~~~~~~~~...P.....≈≈≈≈≈≈~~~~~~~
~~~~~~P~.P.......~~PPP~~~~~~~~
~~~~~~~P......P~P~~~≈≈≈~~~~~≈≈
≈≈~~~PPP~~P~~~~~~~≈≈≈≈≈≈≈≈≈≈≈≈
≈≈≈≈≈≈≈~~~P~PP~~≈≈≈≈≈≈≈≈≈≈≈≈≈≈
≈≈≈≈≈≈≈≈≈~~~~~≈≈≈≈≈≈≈≈≈≈≈≈≈≈≈≈
≈≈≈≈≈≈≈≈≈≈≈≈≈≈≈


You could see a snapping turtle (combustible).

Vanquished Creatures
  A hydra (Lair:3)
  A boulder beetle (Lair:2)
  2 two-headed ogres (D:10)
  A death yak (Lair:3)
  A sea snake (Shoals:1)
  An orb spider (Lair:3)
  2 oklob plants (Lair:2)
  3 harpies (Shoals:2)
  A faun (Shoals:2)
  A manticore (Shoals:1)
  5 elephants (Lair:3)
  2 black mambas (Lair:1)
  Maurice (D:8)
  6 cane toads
  A water nymph (Shoals:1)
  A gargoyle (D:10)
  3 komodo dragons
  A rime drake (Lair:3)
  A troll (D:10)
  A polar bear (Lair:1)
  4 dream sheep (Lair:1)
  9 blink frogs
  22 yaks
  A wraith (D:8)
  A water elemental (Shoals:2)
  3 wyverns
  A steam dragon (D:7)
  2 wargs (D:8)
  7 water moccasins
  7 orc warriors
  A hornet zombie (Ossuary)
  An ice beast (D:8)
  6 wolves (Lair:1)
  8 ogres
  8 centaurs
  2 phantoms
  7 kobold brigands
  12 bullfrogs
  3 gnoll sergeants
  A necrophage (D:4)
  4 scorpions
  5 wights (D:8)
  4 water moccasin zombies (Ossuary)
  2 wyvern zombies (Ossuary)
  9 killer bees (D:8)
  4 howler monkeys
  2 centaur zombies (Ossuary)
  12 bullfrog zombies (Ossuary)
  2 jellies (D:4)
  A hound (D:4)
  3 orc priests
  A gnoll bouda (Lair:1)
  3 iguanas
  6 orc wizards
  2 killer bee zombies (Ossuary)
  2 howler monkey zombies (Ossuary)
  9 mummies (Ossuary)
  8 gnolls
  6 adders
  2 shadow imps
  2 white imps
  4 ufetubi
  A worm (D:4)
  A dart slug (D:1)
  25 orcs
  A bat (D:2)
  5 endoplasms
  3 giant cockroaches
  5 goblins
  12 hobgoblins
  2 quokkas (D:2)
  5 ball pythons
  28 kobolds
  2 quokka zombies (D:8)
  4 rats
329 creatures vanquished.

Vanquished Creatures (collateral kills)
  22 foxfires
22 creatures vanquished.

Vanquished Creatures (others)
  1320 foxfires
  22 fungi
  37 plants
  6 withered plants (Ossuary)
1385 creatures vanquished.

Grand Total: 1736 creatures vanquished

Notes
Turn   | Place    | Note
-------+----------+-------------------------------------------
     0 | D:1      | Essalna the Tengu Fire Elementalist began the quest for the
                  | Orb.
     0 | D:1      | Reached XP level 1. HP: 10/10 MP: 4/4
   158 | D:1      | Found Lontuick's Magic Scroll Shop.
   303 | D:1      | Found Tybe's Assorted Antiques.
   379 | D:1      | Reached XP level 2. HP: 16/16 MP: 3/6
   432 | D:1      | Reached skill level 2 in Conjurations
   535 | D:1      | Found Tenoos's Armour Shop.
   767 | D:1      | Found Vot Afel's Armour Shop.
   794 | D:1      | Found Nunung's Antique Weapon Shop.
   886 | D:1      | Reached skill level 1 in Fighting
  1275 | D:2      | Learned a level 2 spell: Scorch
  1513 | D:2      | Reached XP level 3. HP: 20/20 MP: 2/7
  2419 | D:3      | Found a faded altar of an unknown god.
  2672 | D:3      | Found Hiacwaom's Weapon Emporium.
  2765 | D:3      | Reached skill level 3 in Conjurations
  2835 | D:3      | Found a sparkling altar of Nemelex Xobeh.
  2895 | D:3      | Reached XP level 4. HP: 26/26 MP: 4/8
  3141 | D:3      | Found a snail-covered altar of Cheibriados.
  3290 | D:4      | Noticed an ogre
  3296 | D:3      | Killed an ogre
  3297 | D:3      | Gained mutation: Your magical nature lets you fly swiftly
                  | and evasively. [Tengu growth]
  3297 | D:3      | Reached XP level 5. HP: 31/31 MP: 3/9
  3378 | D:4      | Noticed an ogre
  3382 | D:4      | Killed an ogre
  3383 | D:4      | Reached skill level 4 in Conjurations
  3383 | D:4      | Reached XP level 6. HP: 37/37 MP: 2/10
  3449 | D:4      | Reached skill level 5 in Fire Magic
  3580 | D:4      | Reached skill level 5 in Conjurations
  3771 | D:4      | Found a staircase to the Ecumenical Temple.
  3868 | D:4      | Reached XP level 7. HP: 24/42 MP: 6/11
  3950 | Temple   | Entered the Ecumenical Temple
  4118 | D:4      | Learned a level 4 spell: Flame Wave
  4427 | D:4      | Reached skill level 6 in Conjurations
  4682 | D:4      | Found a shimmering blue altar of Sif Muna.
  4824 | D:5      | Entered Level 5 of the Dungeon
  5069 | D:6      | Reached XP level 8. HP: 41/48 MP: 1/12
  5169 | D:6      | Reached skill level 5 in Fighting
  5448 | D:6      | Found a broken altar of Ashenzari.
  5540 | D:6      | Reached skill level 7 in Conjurations
  6566 | D:7      | Found a glowing silver altar of Zin.
  6685 | D:7      | Reached skill level 8 in Conjurations
  6800 | D:7      | Found Haukheum's Antique Weapon Shoppe.
  6844 | D:7      | Reached XP level 9. HP: 54/55 MP: 3/13
  7141 | D:7      | Found a hide-covered altar of Uskayaw.
  7344 | D:7      | Found a bloodstained altar of Trog.
  7345 | D:7      | Found a radiant altar of Vehumet.
  7370 | D:7      | Became a worshipper of Vehumet
  7533 | D:8      | Noticed a tengu warrior
  7544 | D:8      | Noticed a troll
  7570 | D:8      | Reached skill level 1 in Armour
  7570 | D:8      | Reached skill level 9 in Conjurations
  7629 | D:8      | Noticed Maurice
  7679 | D:8      | Paralysed by something for 2 turns
  7685 | D:8      | Killed Maurice
  7717 | D:8      | Found a sand-covered staircase.
  7725 | Ossuary  | Entered an ossuary
  8020 | Ossuary  | Reached * piety under Vehumet
  8020 | Ossuary  | Offered knowledge of Kiss of Death by Vehumet.
  8192 | Ossuary  | Reached XP level 10. HP: 41/63 MP: 0/14
  8392 | Ossuary  | Reached skill level 10 in Conjurations
  8917 | Ossuary  | Offered knowledge of Static Discharge by Vehumet.
  9109 | D:8      | Reached ** piety under Vehumet
  9531 | D:8      | Noticed a boulder beetle
  9578 | D:8      | Found a transporter.
  9600 | D:8      | Found a transporter.
  9844 | D:8      | Found a staircase to the Lair.
  9962 | D:9      | Reached skill level 11 in Conjurations
 10074 | D:9      | Found a blossoming altar of Fedhas.
 10305 | D:9      | Reached skill level 10 in Fire Magic
 10602 | D:9      | Offered knowledge of Ignite Poison by Vehumet.
 10625 | D:9      | Found a glowing golden altar of the Shining One.
 10653 | D:9      | Found a shadowy altar of Dithmenos.
 10762 | D:10     | Entered Level 10 of the Dungeon
 10762 | D:10     | Noticed a two-headed ogre
 10797 | D:10     | Noticed a two-headed ogre
 10802 | D:10     | Killed a two-headed ogre
 10908 | D:10     | Reached XP level 11. HP: 71/71 MP: 6/15
 10910 | D:10     | Reached *** piety under Vehumet
 11283 | D:10     | Found a staircase to the Orcish Mines.
 11289 | D:10     | Reached skill level 12 in Conjurations
 11289 | D:10     | Offered knowledge of Airstrike by Vehumet.
 11941 | D:10     | Killed a two-headed ogre
 12175 | D:10     | Found Vujuumurgh's Book Boutique.
 12460 | Lair:1   | Entered Level 1 of the Lair of Beasts
 12490 | Lair:1   | Reached **** piety under Vehumet
 12491 | Lair:1   | Reached skill level 10 in Fighting
 12493 | Lair:1   | Reached skill level 13 in Conjurations
 12647 | Lair:1   | Offered knowledge of Olgreb's Toxic Radiance by Vehumet.
 13237 | Lair:1   | Found a shadowy altar of Dithmenos.
 13497 | Lair:1   | Reached skill level 1 in Shields
 13497 | Lair:1   | Reached XP level 12. HP: 66/78 MP: 12/16
 14328 | Lair:2   | Found a transporter.
 14390 | Lair:2   | Noticed Echos's ghost (journeyman FoFi)
 14528 | Lair:2   | Found a transporter.
 15354 | Lair:3   | Noticed a six-headed hydra
 15357 | Lair:3   | Reached skill level 14 in Conjurations
 15572 | Lair:3   | Noticed a boulder beetle
 16094 | Lair:2   | Killed a boulder beetle
 16213 | Lair:2   | Upgraded the game from 0.30-a0-266-g2b27a225a3 to
                  | 0.30-a0-283-gf371ce1921
 16265 | Lair:3   | Killed a six-headed hydra
 16396 | Lair:3   | Found a hole to the Spider Nest.
 16466 | Lair:3   | Found a staircase to the Shoals.
 16469 | Lair:3   | Reached ***** piety under Vehumet
 16470 | Lair:3   | Reached skill level 15 in Conjurations
 16925 | Lair:3   | Offered knowledge of Eringya's Noxious Bog by Vehumet.
 17160 | Lair:3   | Reached XP level 13. HP: 78/85 MP: 5/17
 18360 | Shoals:1 | Entered Level 1 of the Shoals
 18571 | Shoals:1 | Noticed a kraken
 18746 | Shoals:1 | Demolished by a snapping turtle

Illustrated notes

Levels and vault maps discovered:
D:1:      lemuel_arrival_muddy, layout_basic, serial_shops, shop, shop,
          nicolae_shop_waterfront, nicolae_square_shop, nicolae_lakefront_shop,
          st_stairs_3, serial_park_tiny_2, nicolae_kite_square_tiling_tiny
D:2:      layout_loops_ring
D:3:      layout_basic, lemuel_coloured_pillars_altar,
          nemelex_spade_bored_becter, serial_shops, shop_statue,
          shapermc_ecumenical_altar_mp_ritualfount
D:4:      layout_rooms, minmay_temple_entry_glass, corexii_leaking_fountain,
          minmay_misc_feat_doors, supply_closet_lemuel, minmay_ruined_shrine
D:5:      layout_cave_pods, minmay_misc_feat_iff, dk_noncrumbling_3,
          minmay_fire_ice_demons, uniq_menkaure
D:6:      layout_basic, mainiacjoe_overflow_boulevard, hangedman_decor_opposing
D:7:      layout_rooms, mainiacjoe_overflow_24_doors, zin_academy,
          nicolae_overflow_two_pavilions, serial_shops, nicolae_stop_n_shop_1
D:8:      gammafunk_the_bubble [the_bubble_gammafunk_plus_minus], layout_rooms,
          erik_lair_orcish_takeover, enter_ossuary_4, uniq_maurice
D:9:      layout_rooms, mainiacjoe_overflow_two_lobes, general_overflow_altar
D:10:     layout_irregular_city, kennysheep_orc_monster_closet_entryway,
          serial_shops, kennysheep_little_box
D:11:     layout_grid_maze, uniq_harold
Temple:   hellmonk_temple_flake
Lair:1:   layout_cave_pods, basic_altar, dreamdust_gnoll_shepherd,
          serial_bayou_shore_a
Lair:2:   minmay_lair_oklob_chamber, layout_chaotic_city, gammafunk_ghost_arena
Lair:3:   layout_regular_city, minmay_shoals_entry_centaurs,
          nicolae_spider_entry_orb_guardian, infiniplex_staircase_pool_2
Lair:4:   layout_regular_city, minmay_slime_entry_pillars
Shoals:1: layout_shoals, nicolae_shoals_arrival_archipelago
Shoals:2: layout_shoals, nicolae_shoals_so_close

Skill      XL: |  1  2  3  4  5  6  7  8  9 10 11 12 13 |
---------------+----------------------------------------+-----
Conjurations   | 2 3 4 5 6 8 9 11 13 15 | 15.8
Fighting       | 1 2 3 4 6 7 9 10 11 12 | 12.3
Fire Magic     | 4 5 6 7 8 10 12 13 | 13.9
Armour         | 3 4 |  4.0
Dodging        | 4 |  4.0
Shields        | 1 4 |  4.0
Stealth        | |  2.0
Spellcasting   | |  2.0

Action                   |  1- 3 |  4- 6 |  7- 9 | 10-12 | 13-15 || total
-------------------------+-------+-------+-------+-------+-------++-------
Melee: Unarmed           |     5 |       |       |       |       ||     5
       Kick              |     2 |       |     8 |     7 |     7 ||    24
       Peck              |     1 |       |     6 |     9 |     3 ||    19
       Staff             |     1 |       |    40 |    24 |     9 ||    74
       Dagger            |     1 |       |       |       |       ||     1
 Cast: Foxfire           |    97 |    52 |   160 |   381 |    65 ||   755
       Scorch            |       |     3 |    55 |   115 |    35 ||   208
       Flame Wave        |       |       |     2 |    27 |     2 ||    31
  Use: Scroll            |     3 |       |     6 |     5 |     1 ||    15
       Potion            |       |       |     2 |     2 |     1 ||     5
Armor: Robe              |     3 |       |    12 |    42 |    15 ||    72
       Skin              |       |       |     2 |       |       ||     2
Dodge: Dodged            |     4 |     2 |    78 |   121 |    28 ||   233
Block: Buckler           |       |       |       |    13 |    10 ||    23

Table legend: (Time is in decaauts)
 A = Elapsed time spent in this place.
 B = Non-inter-level travel time spent in this place.
 C = Inter-level travel time spent in this place.
 D = Time resting spent in this place.
 E = Time spent auto-exploring this place.
 F = Levels seen in this place.
 G = Mean time per level.
                   A        B        C        D        E       F      G
               +--------+--------+--------+--------+--------+-----+--------+
         Total |  18139 |  17302 |    837 |   1364 |  13647 |  19 |  954.7 |
       Dungeon |  10622 |  10099 |    523 |    437 |   8466 |  11 |  965.6 |
        Temple |    134 |    126 |      8 |      0 |    114 |   1 |  134.0 |
          Lair |   5658 |   5374 |    284 |    878 |   3847 |   4 | 1414.5 |
        Shoals |    369 |    348 |     21 |     49 |    109 |   2 |  184.5 |
       Ossuary |   1354 |   1354 |      0 |      0 |   1110 |   1 | 1354.0 |
               +--------+--------+--------+--------+--------+-----+--------+

Top non-repeatable levels by time:
  Lair:2: 2034 daAuts
  Lair:3: 1571 daAuts
    D:10: 1445 daAuts
     D:3: 1398 daAuts
  Lair:1: 1374 daAuts
 Ossuary: 1354 daAuts
     D:6: 1316 daAuts
     D:1: 1129 daAuts
     D:4: 1089 daAuts
     D:8: 1053 daAuts
     D:7: 1020 daAuts
     D:2: 1016 daAuts
     D:9: 720 daAuts
  Lair:4: 679 daAuts
     D:5: 305 daAuts
